 Dungeon Crawl Stone Soup version 0.27.1-2-g3b301248ec (webtiles) character file.

Game seed: 7824669059478789003

84 nxtlvl the Chopper (level 4, -1/40 HPs)
             Began as a Hill Orc Monk on Sept 25, 2021.
             Slain by a sky beast (3 damage)
             ... on level 3 of the Dungeon.
             The game lasted 00:06:25 (985 turns).

nxtlvl the Chopper (Hill Orc Monk)                   Turns: 985, Time: 00:06:26

Health: -1/40      AC:  6    Str: 13    XL:     4   Next: 45%
Magic:  4/4        EV: 11    Int: 10    God:
Gold:   78         SH:  0    Dex: 14    Spells: 3/3 levels left

rFire    . . .     SeeInvis .   a - +0 hand axe
rCold    . . .     Faith    .   (no shield)
rNeg     . . .     Spirit   .   c - +0 ring mail
rPois    +         Reflect  .   (no helmet)
rElec    .         Harm     .   d - +0 cloak {rPois}
rCorr    .         Rampage  .   (no gloves)
Will     .....                  (no boots)
Stlth    +.........             (no amulet)
HPRegen  0.13/turn              (no ring)
MPRegen  0.09/turn              (no ring)

@: invisible
A: no striking features
a: no special abilities


You were on level 3 of the Dungeon.
You visited 1 branch of the dungeon, and saw 4 of its levels.

You collected 78 gold pieces.

Inventory:

Hand Weapons
 a - a +0 hand axe (weapon)
 h - a +0 hunting sling
Missiles
 e - 6 poisoned darts (quivered)
 k - 16 arrows
 n - 2 silver javelins
Armour
 c - a +0 ring mail (worn)
 d - a +0 cloak of poison resistance (worn)
 D - a scarf of repulsion
Scrolls
 g - 2 scrolls of vulnerability {unknown}
 j - a scroll of acquirement {unknown}
 l - a scroll of immolation {unknown}
Potions
 f - a potion of curing {unknown}
 i - a potion of magic {unknown}
 m - a potion of heal wounds {unknown}


   Skills:
 + Level 4.0 Fighting
 * Level 6.5 Axes
 - Level 2.4 Dodging
 - Level 1.5 Stealth


You had 3 spell levels left.
You didn't know any spells.
Your spell library contained the following spells:

 Spells                   Type           Power      Damage    Failure   Level
 Passwall                 Tmut/Erth      0%         N/A       77%         2
 Swiftness                Air            0%         N/A       94%         3
 Invisibility             Hex            0%         N/A       100%        6


Dungeon Overview and Level Annotations

Branches:
Dungeon (4/15)
 Temple: D:4-7

Altars:

Shops:
D:2 =


Message History

The poisoned dart closely misses the sky beast.
Throw: 9 darts (poison)
Press: ? - help, Q - select action, (/) - cycle Shift-Dir - straight line, f/p - sky beast
Aim: a sky beast (lightly wounded, very poisoned, 50% to hit)
You throw a poisoned dart.
The poisoned dart barely misses the sky beast.
Unknown command.
The sky beast flickers out of sight!
Deactivating autopickup; reactivate with Ctrl-A.
A sky beast appears from thin air!
Reactivating autopickup.
The sky beast closely misses you.
The sky beast looks more healthy.
There is a shaft here.
You aren't carrying any items that you can evoke.
Unknown command.
Throw: 8 darts (poison)
Press: ? - help, Q - select action, (/) - cycle Shift-Dir - straight line, f/p - sky beast
Aim: a sky beast (moderately wounded, 50% to hit)
You throw a poisoned dart. The poisoned dart hits the sky beast.
The sky beast is poisoned.
The sky beast is moderately wounded.
The sky beast looks more healthy.
Throw: 7 darts (poison)
Press: ? - help, Q - select action, (/) - cycle Shift-Dir - straight line, f/p - sky beast
Aim: a sky beast (heavily wounded, 50% to hit)
You throw a poisoned dart.
The poisoned dart closely misses the sky beast.
The sky beast hits you. The sky beast shocks you.
* * * LOW HITPOINT WARNING * * *
The sky beast hits you.
* * * LOW HITPOINT WARNING * * *
The sky beast shocks you.
* * * LOW HITPOINT WARNING * * *
The sky beast flickers out of sight!
Deactivating autopickup; reactivate with Ctrl-A.
It was a potion of invisibility.
You fade into invisibility!
Something hits you.
You die...

#######################
...............^......#
#####################.##
#..# ##.## ##########.(#
#...@...###.#
#########.#####.###.#
...............>..#.#
######.#########.#.# #.#
#...# #.# ##..##
###########.# #...#
............# #.#.#
#############
########...##


There were no monsters in sight!

Vanquished Creatures
  An orc wizard (D:3)
  An adder (D:3)
  A dart slug (D:1)
  8 endoplasms
  3 giant cockroaches
  4 goblins
  3 hobgoblins
  2 quokkas (D:1)
  4 ball pythons (D:1)
  5 bats
  6 frilled lizards
  A kobold (D:1)
  6 rats
45 creatures vanquished.

Vanquished Creatures (others)
  7 plants (D:1)
7 creatures vanquished.

Grand Total: 52 creatures vanquished

Notes
Turn   | Place    | Note
-------+----------+-------------------------------------------
     0 | D:1      | nxtlvl the Hill Orc Monk began the quest for the Orb.
     0 | D:1      | Reached XP level 1. HP: 19/19 MP: 1/1
    78 | D:1      | Reached XP level 2. HP: 26/26 MP: 2/2
    79 | D:1      | Found a faded altar of an unknown god.
   165 | D:1      | Reached skill level 5 in Axes
   278 | D:1      | Reached XP level 3. HP: 26/31 MP: 3/3
   545 | D:2      | Found Geuckyvvocud's Jewellery Shop.
   771 | D:3      | Reached skill level 6 in Axes
   797 | D:3      | Reached XP level 4. HP: 27/40 MP: 4/4
   942 | D:3      | Noticed a sky beast
   975 | D:3      | HP: 1/40 [sky beast (6)]
   985 | D:3      | Slain by a sky beast

Illustrated notes

Levels and vault maps discovered:
D:1:      minmay_arrival_plants_in_alcoves, layout_rooms,
          hellmonk_ecumenical_altar_heavens_door, minmay_liquid_box,
          st_stairs_6, chequers_mini_garden
D:2:      layout_rooms, serial_shops, shop, chequers_decorated_corner,
          grunt_decor_junction, dk_noncrumbling_4
D:3:      layout_basic
D:4:      layout_gridville, kennysheep_mini_moat,
          minmay_temple_entry_mini_moons, minmay_ruined_shrine

Skill      XL: |  1  2  3  4 |
---------------+-------------+-----
Axes           | 5 6 |  6.5
Fighting       | 4 |  4.0
Dodging        | |  2.4
Stealth        | |  1.5

Action                   |  1- 3 |  4- 6 || total
-------------------------+-------+-------++-------
Melee: Hand axe          |   126 |    17 ||   143
Throw: Dart              |       |     8 ||     8
  Use: Potion            |       |     1 ||     1
 Stab: Sleeping          |     6 |       ||     6
Armor: Robe              |    24 |       ||    24
       Ring mail         |     8 |     5 ||    13
Dodge: Dodged            |    78 |     6 ||    84
